 Dungeon Crawl Stone Soup version 0.15-b1-63-g828a17f (webtiles) character file.

123 Sachiko the Shield-Bearer (level 4, -6/41 HPs)
             Began as a Minotaur Fighter on Aug 13, 2014.
             Was an Initiate of Okawaru.
             Killed from afar by Sigmund (8 damage)
             ... with a magic dart
             ... on Level 3 of the Dungeon.
             The game lasted 00:06:28 (2277 turns).

Sachiko the Shield-Bearer (Minotaur Fighter)        Turns: 2277, Time: 00:06:28

HP  -6/41        AC  9     Str 21      XL: 4   Next: 80%
MP   2/2         EV  7     Int  5      God: Okawaru [......]
Gold 105         SH 11     Dex 10      Spells:  0 memorised,  3 levels left

rFire  . . .     SeeInvis .     a - +0 long sword
rCold  . . .     Clarity  .     b - +0 scale mail
rNeg   . . .     rCorr    .     c - +1 shield
rPois  .         rRot     .     (helmet restricted)
rElec  .         Spirit   .     f - +0 cloak
SustAb .         Warding  .     p - +0 pair of gloves
rMut   .         Stasis   .     (no boots)
Gourm  .                        (no amulet)
MR     .....                    (no ring)
                                (no ring)

@: not resistant to hostile enchantments, extremely unstealthy
A: retaliatory headbutt, horns 2
a: Renounce Religion


You were on level 3 of the Dungeon.
You worshipped Okawaru.
Okawaru was noncommittal.
You were very hungry.

You visited 1 branch of the dungeon, and saw 3 of its levels.

You collected 105 gold pieces.

Inventory:

Hand weapons
 a - a +0 long sword (weapon)
Armour
 b - a +0 scale mail (worn)
 c - a +1 shield (worn)
 f - a +0 cloak (worn)
 p - a +0 pair of gloves (worn)
Comestibles
 d - 2 bread rations
 g - a beef jerky
 h - 3 meat rations
 m - a rotting chunk of goblin flesh
 q - 2 rotting chunks of worm flesh
Potions
 e - a potion of might
 i - a potion of poison {unknown}
 j - a potion of agility {unknown}
 l - a potion of curing
 n - a potion of heal wounds {unknown}
 o - a potion of cure mutation {unknown}
Miscellaneous
 k - a plain deck of defence


   Skills:
 + Level 4.3 Fighting
 + Level 3.3 Long Blades
 + Level 4.6 Armour
 + Level 5.0 Shields


You had 3 spell levels left.
You didn't know any spells.

Dungeon Overview and Level Annotations

Branches:
Dungeon (3/15)

Altars:
Nemelex Xobeh
Okawaru
The Shining One

Annotations:
D:3 Natasha, Sigmund


Innate Abilities, Weirdness & Mutations

You reflexively headbutt those who attack you in melee.
You have a pair of horns on your head.


Message History

The puff of flame hits you! Something hits you!
* * * LOW HITPOINT WARNING * * *
You miss something. You headbutt something.
Your scale mail prevents you from hitting something.
Something hits you but does no damage.
You barely miss something. Your headbutt misses something.
Something hits you but does no damage.
You barely miss something. Something hits you.
* * * LOW HITPOINT WARNING * * *
You hit something. Something hits you.
* * * LOW HITPOINT WARNING * * *
You miss something. Something hits you but does no damage.
You miss something. Something hits you.
* * * LOW HITPOINT WARNING * * *
You miss something.
Your shield prevents you from hitting something.
Your headbutt misses something.
You hear some strange, mumbled words.
The magic dart hits you!
You die...

#.##....##......##
###
#.#######........#
#..
#.########.......#
#..
####................#
#..
#........#####.#...##
#.. ##.##.###.#
.##### #.. #.....#
#.# #+# #.. #..#..#
#.# #...# #.. #.....#
#@# #..... #..
#.....###.##......
#..
##.....##.#........
#..
##........'........
....
#.........#........
#..
#.#.#.#.#.##...... #.
#.#.###.#.# #...(.
#.#.# #.#.# #?..# #..
#.#.# #+#


There were no monsters in sight!

Vanquished Creatures
  4 adders
  A giant mite (D:1)
  4 worms
  A giant gecko (D:3)
  An ooze (D:1)
  An orc (D:3)
  11 goblins
  A hobgoblin (D:2)
  8 kobolds
  20 bats
  6 giant newts
  4 rats
62 creatures vanquished.

Vanquished Creatures (others)
  3 butterflies (D:2)
3 creatures vanquished.

Grand Total: 65 creatures vanquished

Notes
Turn   | Place    | Note
--------------------------------------------------------------
     0 | D:1      | Sachiko, the Minotaur Fighter, began the quest for the Orb.
     0 | D:1      | Reached XP level 1. HP: 19/19 MP: 1/1
   163 | D:1      | Reached XP level 2. HP: 27/27 MP: 1/1
   332 | D:1      | Reached skill level 4 in Fighting
   751 | D:2      | Found an iron altar of Okawaru.
   778 | D:2      | Reached XP level 3. HP: 33/33 MP: 2/2
   794 | D:2      | Became a worshipper of Warmaster Okawaru
   841 | D:2      | Found a sparkling altar of Nemelex Xobeh.
  1302 | D:2      | Found a glowing golden altar of the Shining One.
  1491 | D:3      | Noticed Natasha
  1890 | D:3      | Reached XP level 4. HP: 40/40 MP: 2/2
  2248 | D:3      | Noticed Sigmund
  2259 | D:3      | Reached skill level 5 in Shields
  2275 | D:3      | HP: 2/41 [something (4)]
  2277 | D:3      | Killed from afar by Sigmund

Action                   |  1- 3 |  4- 6 || total
-------------------------+-------+-------++-------
Melee: Long sword        |   101 |    83 ||   184
  Use: Scroll            |     8 |       ||     8
  Eat: Chunk             |     1 |     1 ||     2
       Beef jerky        |     1 |       ||     1
